 Dungeon Crawl Stone Soup version 0.23-a0-837-ga3e6480 (webtiles) character file.

5579 emperorscorpion the Fighter (level 10, -4/82 HPs)
             Began as a Demonspawn Wanderer on Jan 24, 2019.
             Was a Believer of Sif Muna.
             Slain by a two-headed ogre
             ... wielding a +0 giant club
              (5 damage)
             ... on level 8 of the Dungeon.
             The game lasted 00:23:06 (10464 turns).

emperorscorpion the Fighter (Demonspawn Wanderer)  Turns: 10464, Time: 00:23:07

Health: -4/82      AC:  9    Str: 14    XL:     10   Next: 44%
Magic:  17/17      EV: 12    Int: 14    God:    Sif Muna [**....]
Gold:   299        SH:  4    Dex: 14    Spells: 17/18 levels left

rFire    . . .     SeeInvis .   a - +3 hand crossbow
rCold    . . .     Gourm    .   (no shield)
rNeg     . . .     Faith    .   p - +0 ring mail
rPois    .         Spirit   .   y - +1 helmet
rElec    .         Reflect  .   (no cloak)
rCorr    .         Harm     .   s - +0 pair of gloves
MR       +....                  (no boots)
Stlth    ++++++....             m - amulet of rage
HPRegen  0.23/turn              g - +3 ring of slaying
MPRegen  0.15/turn              U - ring of protection from magic

@: no status effects
A: talons 1, large bone plates 1, nightstalker 3
a: Divine Energy, Renounce Religion, Evoke Berserk Rage


You were on level 8 of the Dungeon.
You worshipped Sif Muna.
Sif Muna was pleased with you.
You were not hungry.

You visited 1 branch of the dungeon, and saw 8 of its levels.
You also visited: Sewer and Ossuary.

You collected 481 gold pieces.
You spent 182 gold pieces at shops.

Inventory:

Hand Weapons
 a - a +3 hand crossbow (weapon)
 b - a +0 dagger
 u - a +0 short sword of freezing
 J - a +0 blowgun
Missiles
 j - a throwing net
 l - 66 bolts (quivered)
 I - 36 poisoned needles
Armour
 d - a +0 robe
 k - a +0 chain mail
 p - a +0 ring mail (worn)
 s - a +0 pair of gloves (worn)
 x - a +1 hat
 y - a +1 helmet (worn)
 A - a +0 cloak
Jewellery
 g - a +3 ring of slaying (left hand)
 m - an amulet of rage (around neck)
 S - an uncursed ring of fire
 U - a ring of protection from magic (right hand)
 V - the ring of Ozonluri {rF+ Str-2 Int-3 Dex+5}
   (You found it on level 7 of the Dungeon)

   [ring of intelligence]

   It affects your strength (-2).
   It affects your intelligence (-3).
   It affects your dexterity (+5).
   It protects you from fire.
 X - a +3 ring of evasion
Wands
 C - a wand of disintegration (14)
 N - a wand of clouds (3)
 Q - a wand of enslavement (7)
 W - a wand of acid (3)
Scrolls
 i - 6 scrolls of remove curse
 o - 8 scrolls of identify
 q - 2 scrolls of amnesia
 t - 2 scrolls of enchant armour {unknown}
 D - 6 scrolls of teleportation
 E - a scroll of random uselessness
 G - a scroll of blinking {unknown}
 H - a scroll of fear {unknown}
 L - 2 scrolls of fog {unknown}
 M - 2 scrolls of immolation {unknown}
 O - a scroll of torment {unknown}
 R - a scroll of enchant weapon
Potions
 c - 5 potions of lignification
 e - 7 potions of curing
 h - a potion of mutation {unknown}
 n - 3 potions of agility {unknown}
 r - 7 potions of flight {unknown}
 v - 4 potions of might {unknown}
 w - a potion of magic {unknown}
 z - 8 potions of heal wounds {unknown}
 B - a potion of ambrosia {unknown}
 F - 2 potions of degeneration {unknown}
 K - 2 potions of brilliance {unknown}
 P - 2 potions of invisibility {unknown}
 T - a potion of cancellation {unknown}
Comestibles
 f - 17 rations
 Y - 9 chunks of flesh


   Skills:
 + Level 8.7 Fighting
 + Level 4.7 Short Blades
 + Level 6.7 Crossbows
 + Level 1.0 Throwing
 + Level 4.9 Armour
 + Level 2.7 Dodging
 + Level 6.1 Stealth
 * Level 4.7 Spellcasting
 * Level 5.5 Necromancy
 + Level 0.3 Evocations


You had 17 spell levels left.
You knew the following spells:

 Your Spells              Type           Power        Failure   Level  Hunger
a - Animate Skeleton      Necr           N/A          3%          1    None

Your spell library contained the following spells:

 Spells                   Type           Power        Failure   Level  Hunger
 Apportation              Tloc           #.....       34%         1    None
 Confusing Touch          Hex            #.....       34%         1    None
 Summon Small Mammal      Summ           #...         34%         1    None


Dungeon Overview and Level Annotations

Branches:
Dungeon (8/15)             Temple (0/1) D:5
   Lair: D:8-11

Altars:
Cheibriados
Gozag
Kikubaaqudgha
Makhleb
Okawaru
Ru
Sif Muna
Uskayaw
Yredelemnul
Zin
The Shining One

Shops:
D:3 *   D:5 %:[?


Innate Abilities, Weirdness & Mutations

You have sharp toenails.
You are partially covered in large bone plates. (SH +4)
You are completely attuned to the shadows.


Message History

The two-headed ogre is severely wounded.
The two-headed ogre hits you with a +0 giant club!
The two-headed ogre hits you with a +0 giant club.
Firing (i - inventory. (/) - cycle)
l - 68 bolts (quivered)
Press: ? - help, Shift-Dir - straight line, f/p - two-headed ogre
Aim: a two-headed ogre, wielding two +0 giant clubs (severely wounded)
You shoot a bolt.
The bolt completely misses the two-headed ogre.
The two-headed ogre hits you with a +0 giant club!
* * * LOW HITPOINT WARNING * * *
The two-headed ogre hits you with a +0 giant club!
* * * LOW HITPOINT WARNING * * *
Firing (i - inventory. (/) - cycle)
l - 67 bolts (quivered)
Press: ? - help, Shift-Dir - straight line, f/p - two-headed ogre
Aim: a two-headed ogre, wielding two +0 giant clubs (severely wounded)
You shoot a bolt.
The bolt closely misses the two-headed ogre.
The two-headed ogre barely misses you.
The two-headed ogre hits you with a +0 giant club.
You die...

. . ##### .
#>..####################.
#.......@O.((........))..
#########.#..########......#####.
.......##.##.## #..)...# .
#####.....##..# ##..##### . #
#..######.# #..##...## # #
#.....# #.## #Z##.....## #
#.###.# #..# #Z#.......# #
###.###.# ##.# #.ZZ.._...#
###.......# #.# ###.......#


You could see a two-headed ogre.

Vanquished Creatures
  A two-headed ogre (D:8)
  The ghost of Ratty the Torchbearer, a novice MiFi of Yredelemnul (D:7)
  A kobold demonologist (D:7)
  2 hippogriffs
  4 hogs (D:7)
  A human (D:7)
  A water moccasin (D:7)
  3 ice beasts
  2 necrophages
  5 ogres
  3 centaurs
  2 elf zombies (Ossuary)
  2 bullfrogs (D:6)
  3 scorpions
  A howler monkey (D:6)
  3 crimson imps (D:5)
  5 hounds
  A bullfrog skeleton (D:5)
  A human zombie (Ossuary)
  A jelly (D:5)
  8 orc priests
  3 orc wizards
  4 centaur skeletons
  2 iguanas
  7 worker ants
  A hound zombie (Ossuary)
  2 hound skeletons
  4 mummies (Ossuary)
  11 adders
  3 gnolls (D:6)
  4 river rats (D:5)
  4 shadow imps
  An ooze (Sewer)
  2 adder zombies
  3 worms
  An adder skeleton (D:5)
  2 dart slugs
  7 leopard geckos
  25 orcs
  4 giant cockroaches
  5 goblins
  5 hobgoblins
  5 jackals
  3 quokkas
  2 ball pythons
  9 bats
  10 frilled lizards
  2 gnoll zombies (Ossuary)
  2 goblin zombies (Ossuary)
  2 hobgoblin zombies (Ossuary)
  2 jackal skeletons
  16 kobolds
  A kobold zombie (Ossuary)
  An orc zombie (Ossuary)
  12 rats
  A plant (D:7)
219 creatures vanquished.

Vanquished Creatures (collateral kills)
  An orc (D:8)
1 creature vanquished.

Grand Total: 220 creatures vanquished

Notes
Turn   | Place    | Note
-------+----------+-------------------------------------------
     0 | D:1      | emperorscorpion the Demonspawn Wanderer began the quest for
                  | the Orb.
     0 | D:1      | emperorscorpion set off with the following items: a +2 hand
                  | crossbow, 31 bolts, 2 potions of lignification, a +0 robe,
                  | a ration
     0 | D:1      | Reached XP level 1. HP: 24/24 MP: 1/1
   146 | D:1      | Gained mutation: You are slightly more attuned to the
                  | shadows. [demonic ancestry]
   146 | D:1      | Reached XP level 2. HP: 31/31 MP: 2/2
   715 | D:2      | Reached XP level 3. HP: 23/36 MP: 3/3
  1657 | D:3      | Reached XP level 4. HP: 36/43 MP: 4/4
  1830 | D:3      | Reached skill level 1 in Armour
  2092 | D:3      | Reached skill level 1 in Dodging
  2092 | D:3      | Reached XP level 5. HP: 48/48 MP: 5/5
  2190 | D:3      | Found a glowing silver altar of Zin.
  2190 | D:3      | Found Zin's Purification Station.
  2873 | D:4      | Gained mutation: You have sharp toenails. [demonic
                  | ancestry]
  2873 | D:4      | Reached XP level 6. HP: 26/55 MP: 6/6
  3235 | D:4      | Found a deep blue altar of Sif Muna.
  3403 | D:4      | Became a worshipper of Sif Muna the Loreminder
  3656 | D:4      | Reached skill level 1 in Short Blades
  3948 | D:5      | Entered Level 5 of the Dungeon
  4046 | D:5      | Found a hide-covered altar of Uskayaw.
  4082 | D:5      | Found Plog's Magic Scroll Emporium.
  4090 | D:5      | Bought a scroll of teleportation for 42 gold pieces
  4090 | D:5      | Bought a scroll of teleportation for 42 gold pieces
  4090 | D:5      | Bought a scroll of teleportation for 42 gold pieces
  4090 | D:5      | Bought a scroll of teleportation for 42 gold pieces
  4090 | D:5      | Bought a scroll of random uselessness for 14 gold pieces
  4128 | D:5      | Found a glowing drain.
  4130 | D:5      | Gained mutation: You are significantly more attuned to the
                  | shadows. [demonic ancestry]
  4130 | D:5      | Reached XP level 7. HP: 61/61 MP: 7/7
  4165 | Sewer    | Entered a sewer
  4740 | D:5      | Found a staircase to the Ecumenical Temple.
  4744 | D:5      | Found Qywavoh's Antique Armour Boutique.
  4810 | D:5      | Learned a level 1 spell: Animate Skeleton
  4873 | D:5      | Found an iron altar of Okawaru.
  4903 | D:5      | Reached skill level 5 in Crossbows
  4969 | D:5      | Found Beesunal's Food Shoppe.
  4982 | D:5      | Reached skill level 1 in Spellcasting
  5131 | D:5      | Found Eghud's Book Shoppe.
  5267 | D:5      | Reached skill level 1 in Necromancy
  5418 | D:6      | Gained mutation: You are completely attuned to the shadows.
                  | [demonic ancestry]
  5418 | D:6      | Reached XP level 8. HP: 57/68 MP: 9/9
  5482 | D:6      | Reached skill level 8 in Fighting
  5568 | D:6      | Found a sand-covered staircase.
  5573 | Ossuary  | Entered an ossuary
  6378 | D:6      | Reached * piety under Sif Muna
  7304 | D:7      | Found a transporter.
  7326 | D:7      | Found a transporter.
  7334 | D:7      | Found a runed door.
  7335 | D:7      | Noticed Ratty's ghost (novice MiFi)
  7365 | D:7      | Noticed a kobold demonologist
  7372 | D:7      | Killed Ratty's ghost
  7372 | D:7      | Reached XP level 9. HP: 18/74 MP: 13/13
  7641 | D:7      | Killed a kobold demonologist
  7641 | D:7      | Reached skill level 5 in Stealth
  7968 | D:7      | Found a glowing golden altar of the Shining One.
  8587 | D:7      | Got a warped wooden ring
  8588 | D:7      | Identified the cursed ring of Ozonluri {rF+ Str-2 Int-3
                  | Dex+5} (You found it on level 7 of the Dungeon)
  9205 | D:7      | Gained mutation: You are partially covered in large bone
                  | plates. (SH +4) [demonic ancestry]
  9205 | D:7      | Reached XP level 10. HP: 82/82 MP: 16/16
  9445 | D:7      | Found a burning altar of Makhleb.
  9563 | D:8      | Reached skill level 5 in Necromancy
  9995 | D:8      | Noticed a two-headed ogre
 10003 | D:8      | Killed a two-headed ogre
 10003 | D:8      | Reached ** piety under Sif Muna
 10022 | D:8      | Found a snail-covered altar of Cheibriados.
 10025 | D:8      | Found a faded altar of an unknown god.
 10026 | D:8      | Found a basalt altar of Yredelemnul.
 10037 | D:8      | Found a sacrificial altar of Ru.
 10044 | D:8      | Found an ancient bone altar of Kikubaaqudgha.
 10398 | D:8      | Found an opulent altar of Gozag.
 10438 | D:8      | Noticed a two-headed ogre
 10463 | D:8      | HP: 1/82 [two-headed ogre/+0 giant club (10)]
 10464 | D:8      | Slain by a two-headed ogre

Vault maps used:
D:1:      wander_arrival_abandoned_jail
D:3:      zin_purify
D:4:      kennysheep_little_box, grunt_ministairs_8
D:5:      overflow_temple_1_default, lemuel_coloured_pillars_altar,
          temple_statues, portal_sewer_entry_a, first_ration, serial_shops,
          shop_statue, shop_statue, nicolae_shop_waterfront,
          nicolae_shop_overgrown_old_shop
D:6:      nicolae_ossuary_entry_plus
D:7:      gammafunk_wand_slinger, nicolae_tso_carved_into_rock,
          makhleb_blood_cavern_becter, gammafunk_ghost_grave, grunt_livestock
D:8:      lemuel_round_altar, grunt_dithmenos_smoke,
          chequers_temple_overflow_minitemple, basic_altar, chequers_garden
Sewer:    kennysheep_pipe_town
Ossuary:  ossuary_minmay_tomb_2a

Skill      XL: |  1  2  3  4  5  6  7  8  9 10 |
---------------+-------------------------------+-----
Crossbows      | 2 3 4 5 6 |  6.7
Armour         | 1 2 3 4 |  4.9
Dodging        | 1 2 |  2.7
Short Blades   | 1 2 3 4 |  4.7
Stealth        | 2 3 4 5 6 |  6.1
Spellcasting   | 1 3 4 |  4.7
Necromancy     | 1 3 4 5 |  5.5
Fighting       | 8 |  8.7
Throwing       | |  1.0
Evocations     | |  0.3

Action                   |  1- 3 |  4- 6 |  7- 9 | 10-12 || total
-------------------------+-------+-------+-------+-------++-------
Melee: Dagger            |    89 |    28 |   272 |    41 ||   430
       Short sword       |       |     6 |       |       ||     6
       Kick              |       |     6 |   101 |    14 ||   121
 Fire: Hand crossbow     |    34 |    86 |    75 |    43 ||   238
 Cast: Animate Skeleton  |       |       |       |     6 ||     6
Evoke: Wand              |       |       |     3 |       ||     3
  Use: Scroll            |     5 |       |     1 |       ||     6
 Stab: Sleeping          |     5 |     2 |    36 |     7 ||    50
       Distracted        |       |       |       |     1 ||     1
  Eat: Chunk             |     2 |     8 |    15 |     1 ||    26
       Ration            |       |       |       |     1 ||     1
Armor: Robe              |     3 |       |       |       ||     3
       Ring mail         |    41 |     8 |    81 |    12 ||   142
Dodge: Dodged            |    52 |    17 |   122 |    25 ||   216
Block: Other             |       |       |       |    11 ||    11

Table legend:
 A = Non-vault XP
 B = Vault XP
 C = Vault XP percentage of total XP
 D = Non-vault monster count
 E = Vault monster count
 F = Vault count percentage of total count
                 A         B        C        D         E       F
            +---------+---------+-------+---------+---------+-------
      Total |    4943 |    3028 |  38.0 |     156 |      63 |  28.8
            +---------+---------+-------+---------+---------+-------
        D:1 |      37 |       0 |   0.0 |      20 |       0 |   0.0
        D:2 |      35 |       0 |   0.0 |      14 |       0 |   0.0
        D:3 |     248 |       0 |   0.0 |      32 |       0 |   0.0
        D:4 |     180 |     113 |  38.6 |      16 |       1 |   5.9
        D:5 |     656 |      62 |   8.6 |      21 |       7 |  25.0
        D:6 |     917 |       0 |   0.0 |      19 |       0 |   0.0
        D:7 |     677 |    2477 |  78.5 |      13 |      15 |  53.6
        D:8 |    2193 |       0 |   0.0 |      21 |       0 |   0.0
      Sewer |       0 |      39 | 100.0 |       0 |      24 | 100.0
    Ossuary |       0 |     337 | 100.0 |       0 |      16 | 100.0
            +---------+---------+-------+---------+---------+-------
